 Dungeon Crawl Stone Soup version 0.14-a0-1444-g21dc12d (webtiles) character file.

333 Jenx the Slasher (level 5, -4/43 HPs)
             Began as a Djinni Warper on Dec 12, 2013.
             Slain by an ogre
             ... wielding a +0,+0 giant club
              (22 damage)
             ... on Level 4 of the Dungeon.
             The game lasted 00:11:45 (3448 turns).

Jenx the Slasher (Djinni Warper)                    Turns: 3448, Time: 00:11:45

HP  -4/43        AC  3     Str 11      XL: 5   Next:  8%
MP   0/0         EV 11     Int 14      God:
Gold 186         SH  0     Dex 13      Spells:  4 memorised,  1 level left

rFire  + + +     SeeInvis .     a - +0 falchion (flame)
rCold  x . .     Clarity  +     b - +0 leather armour
rNeg   + + +     Conserve .     (no shield)
rPois  .         rCorr    .     (no helmet)
rElec  .         rRot     .     (no cloak)
SustAb . .       Spirit   .     (no gloves)
rMut   .         Warding  .     (boots unavailable)
Saprov . . .     Stasis   .     s - amulet of clarity
                                (no ring)
                                (no ring)

@: flying, very slightly contaminated, shrouded (expiring), slightly resistant
to hostile enchantments, unstealthy
A: fire immunity, cold vulnerability, life protection 3
a: no special abilities


You were on level 4 of the Dungeon.
You were not hungry.

You visited 1 branch of the dungeon, and saw 4 of its levels.

You collected 186 gold pieces.

Inventory:

Hand weapons
 a - a +0,+0 falchion of flaming (weapon)
Missiles
 e - 15 darts
 f - 10 darts of dispersal
 k - 4 steel darts (quivered)
Armour
 b - a +0 leather armour (worn)
Scrolls
 d - 2 scrolls of blinking
 g - 2 scrolls of identify
 h - 4 scrolls of remove curse {unknown}
 i - 2 scrolls of magic mapping {unknown}
 m - a scroll of random uselessness {unknown}
 o - a scroll of teleportation {unknown}
 p - a scroll of fog {unknown}
 v - a scroll of enchant weapon II {unknown}
 w - a scroll of noise {unknown}
Jewellery
 s - an amulet of clarity (around neck)
Potions
 j - a potion of heal wounds {unknown}
 l - a potion of degeneration {unknown}
 n - a potion of curing
 q - a potion of might
 r - a potion of lignification {unknown}
 t - a potion of agility {unknown}
 u - a potion of flight {unknown}
Books
 c - a book of Spatial Translocations

   Spells                             Type                      Level
   *Apportation                       Translocation                1
   Portal Projectile                  Translocation                2
   *Blink                             Translocation                2
   *Shroud of Golubria                Charms/Translocation         2
   Teleport Other                     Translocation                3
   Passage of Golubria                Translocation                4
 x - a book of Fire

   Spells                             Type                      Level
   *Fire Brand                        Charms/Fire                  2
   Ignite Poison                      Fire/Transmutation           5
   Fireball                           Conjuration/Fire             5
   Bolt of Fire                       Conjuration/Fire             6
   Delayed Fireball                   Conjuration/Fire             7
   Ring of Flames                     Charms/Fire                  7


   Skills:
 - Level 1.7 Fighting
 - Level 5.3 Long Blades
 - Level 0.8 Throwing
 - Level 1.1 Armour
 - Level 1.7 Dodging
 - Level 2.4 Spellcasting
 - Level 3.0 Translocations
 + Level 0.3 Fire Magic


You had one spell level left.
You knew the following spells:

 Your Spells              Type           Power        Failure   Level  Hunger
a - Apportation           Tloc           ##........   10%         1    #......
b - Blink                 Tloc           N/A          12%         2    ###....
c - Shroud of Golubria    Chrm/Tloc      #.........   21%         2    ###....
d - Fire Brand            Chrm/Fire      #.........   34%         2    ###....


Dungeon Overview and Level Annotations

Branches:
Dungeon (4/16)
 Temple: D:4-7

Altars:


Innate Abilities, Weirdness & Mutations

You are immune to all types of fire, even holy and hellish.
You are vulnerable to cold.
You need no food.
You have no legs.
You are immune to negative energy.


Message History

The giant gecko closely misses you.
Casting: Shroud of Golubria
Confirm with . or Enter, or press ? or * to list all spells.
Your +0,+0 falchion bursts into flame!
Your shroud bends the giant gecko's attack away.
The giant gecko closely misses you.
You closely miss the giant gecko. The giant gecko barely misses you.
You hit the giant gecko. You burn the giant gecko.
You kill the giant gecko!
You completely miss the ogre.
Your shroud begins to fray at the edges.
The ogre hits you with a giant club!
You hit the ogre. You burn the ogre.
The ogre is moderately wounded.
Your shroud bends the ogre's attack away!
You hit the ogre. You burn the ogre.
The ogre is heavily wounded.
The ogre hits you with a giant club!
Ouch! That really hurt!
You die...

......# #..# . ......####..#
#..# ............# #..#
............# #..#
............# #..#
............# #..#
............# #..# ..
............#########..#####...
................@O.............
......<.############..........#
........# .....#..........#
#####>..# [.....#..........#
#...# .......#..........# #...#
.......l#..........# #...#
........#...######.# #...#
...(....#...# # #...#
.......O.#...#


You could see an ogre.

Vanquished Creatures
  An orc priest (D:3)
  An adder (D:2)
  A giant mite (D:3)
  An inept feature mimic (D:2)
  A worm (D:3)
  7 giant geckos
  An ooze (D:3)
  4 orcs
  A ball python (D:3)
  9 giant cockroaches
  6 goblins
  15 hobgoblins
  9 kobolds
  2 quokkas (D:3)
  10 bats
  4 giant newts
  5 rats
78 creatures vanquished.

Vanquished Creatures (others)
  5 toadstools (D:1)
5 creatures vanquished.

Grand Total: 83 creatures vanquished

Notes
Turn   | Place    | Note
--------------------------------------------------------------
     0 | D:1      | Jenx, the Djinni Warper, began the quest for the Orb.
     0 | D:1      | Reached XP level 1. HP: 17/17 MP: 0/0
   218 | D:1      | Reached XP level 2. EP: 18/24
   222 | D:1      | Learned a level 2 spell: Blink
   257 | D:1      | Learned a level 2 spell: Shroud of Golubria
   891 | D:2      | Reached XP level 3. EP: 26/30
  1430 | D:2      | Reached skill level 4 in Long Blades
  1758 | D:3      | Reached XP level 4. EP: 23/37
  2769 | D:3      | Reached skill level 5 in Long Blades
  3123 | D:3      | Reached XP level 5. EP: 43/43
  3352 | D:3      | Learned a level 2 spell: Fire Brand
  3425 | D:4      | Noticed an ogre
  3448 | D:4      | Slain by an ogre

Action                   |  1- 3 |  4- 6 || total
-------------------------+-------+-------++-------
Melee: Falchion          |   183 |   131 ||   314
Throw: Dart              |    19 |    12 ||    31
 Cast: Blink             |       |     1 ||     1
       Fire Brand        |       |     1 ||     1
       Shroud of Golubri |       |     1 ||     1
  Use: Scroll            |       |     3 ||     3
